 Dungeon Crawl Stone Soup version 0.28.0-1-gb440e238dd (webtiles) character file.

Game seed: 16395850062466600271

2205 Crownlay the Cleaver (level 9, -11/79 HPs)
             Began as a Hill Orc Fighter on Feb 19, 2022.
             Was a Priest of Cheibriados.
             Mangled by Gastronok (26 damage)
             ... on level 8 of the Dungeon.
             The game lasted 00:09:58 (7334 turns).

Crownlay the Cleaver (Hill Orc Fighter)             Turns: 7334, Time: 00:09:59

Health: -11/79     AC: 15    Str: 25    XL:     9   Next: 34%
Magic:  13/13      EV:  8    Int: 14    God:    Cheibriados [***...]
Gold:   145        SH:  0    Dex: 16    Spells: 8/8 levels left

rFire   . . .      SeeInvis +   o - +0 battleaxe
rCold   . . .      Faith    .   (shield currently unavailable)
rNeg    . . .      Spirit   .   B - +1 chain mail "Zyklerch" {Dex-4 Slay+5}
rPois   .          Reflect  .   l - +2 helmet {SInv}
rElec   .          Harm     .   (no cloak)
rCorr   .          Rampage  .   (no gloves)
Will    .....                   z - +0 pair of boots
Stlth   ..........              (no amulet)
HPRegen 0.23/turn               (no ring)
MPRegen 0.13/turn               (no ring)

@: mighty, slowed, very slow
A: no striking features
a: Renounce Religion, Bend Time, Temporal Distortion


You were on level 8 of the Dungeon.
You worshipped Cheibriados.
Cheibriados was most pleased with you.
You visited 1 branch of the dungeon, and saw 8 of its levels.

You collected 369 gold pieces.
You spent 224 gold pieces at shops.

Inventory:

Hand Weapons
 o - a +0 battleaxe (weapon)
 w - a +2 morningstar of protection
Missiles
 i - 6 silver javelins
 j - a throwing net
 A - 10 poisoned darts (quivered)
 G - a boomerang
Armour
 c - a +0 buckler
 l - a +2 helmet of see invisible (worn)
 t - the +4 moon troll leather armour {Spirit, Regen++ MP+5}
   (You took it off a hobgoblin on level 4 of the Dungeon)

   MP:        It affects your magic capacity (+5).
   Regen:     It increases your rate of health regeneration.
 z - a +0 pair of boots (worn)
 B - the +1 chain mail "Zyklerch" (worn) {Dex-4 Slay+5}
   (You found it on level 6 of the Dungeon)

   Dex:       It affects your dexterity (-4).
   Slay:      It affects your accuracy & damage with ranged weapons and melee
   (+5).
Wands
 q - a wand of paralysis (11)
 y - a wand of flame (27)
Scrolls
 b - a scroll of acquirement {unknown}
 e - a scroll of brand weapon
 g - 7 scrolls of teleportation
 h - a scroll of identify
 m - a scroll of magic mapping
 p - a scroll of silence {unknown}
 r - a scroll of fear {unknown}
 u - 5 scrolls of enchant armour
 v - 2 scrolls of fog
 x - 2 scrolls of blinking
 D - a scroll of amnesia
 E - a scroll of immolation {unknown}
Potions
 a - 3 potions of curing {unknown}
 d - 4 potions of might
 f - a potion of resistance {unknown}
 k - a potion of ambrosia {unknown}
 C - a potion of heal wounds {unknown}
 F - a potion of haste {unknown}
 H - a potion of berserk rage


   Skills:
 + Level 7.4 Fighting
 * Level 10.5 Axes
 - Level 5.0 Armour
 + Level 6.4 Shields
 + Level 5.5 Invocations


You had 8 spell levels left.
You didn't know any spells.
Your spell library contained the following spells:

 Spells                   Type           Power      Damage    Failure   Level
 Sublimation of Blood     Necr           0%         N/A       95%         2
 Conjure Flame            Conj/Fire      0%         6-21      99%         3
 Ignite Poison            Fire/Tmut/Pois 0%         N/A       99%         3
 Petrify                  Tmut/Erth      0%         N/A       100%        4
 Sticky Flame             Conj/Fire      0%         2d3       100%        4
 Irradiate                Conj/Tmut      0%         3d14      100%        5


Dungeon Overview and Level Annotations

Branches:
Dungeon (8/15)             Temple (0/1) D:6
   Lair: D:8-11

Altars:
Ashenzari
Cheibriados
Dithmenos
Kikubaaqudgha
Nemelex Xobeh
Trog
Xom
The Shining One

Shops:
D:6 ?

Annotations:
D:8 Gastronok


Message History

The orc is severely wounded.
The orc hits you with a +0 flail. The orc misses you.
You slash the orc!
You kill the orc!
Cheibriados thoroughly appreciates the change of pace.
The orc wizard hits you but does no damage.
The orc wizard closely misses you. The orc hits you but does no damage.
The orc wizard closely misses you.
Items here: )) [ †.
You slice the orc wizard!!
You kill the orc wizard!
Cheibriados thoroughly appreciates the change of pace.
You hit the orc but do no damage. The orc barely misses you.
You feel briefly sluggish. The orc closely misses you.
You completely miss the orc. The orc hits you with a +0 hand axe.
Gastronok waves his eye-stalks in wide circles.
The air twists around and strikes you!!
You hit the orc.
The orc is severely wounded.
The orc barely misses you. x2
You hit the orc.
You kill the orc!
Cheibriados appreciates the change of pace.
You can now warp the flow of time around you.
You hit Gastronok. Gastronok bites you!
You are too injured to fight recklessly!
You are too injured to fight recklessly!
You are too injured to fight recklessly!
You slash Gastronok!
Gastronok is lightly wounded.
Gastronok bites you!!
* * * LOW HITPOINT WARNING * * *
You feel very mighty all of a sudden. Gastronok casts a spell at you.
You barely resist. You slice Gastronok!!
Gastronok is moderately wounded.
Gastronok bites you!!
You die...

#...# ##....
##....#
#.....#
##....#
##.....###..
##...<......#
##..........##
#...)@.....##
#....).w....#
#............#
.............#
...).........#
........####.#
......### ...
...... ..


You could see Gastronok (swift).

Vanquished Creatures
  2 steam dragons (D:7)
  A water moccasin (D:7)
  A black bear (D:4)
  2 orc warriors
  2 necrophages
  2 centaurs
  2 kobold brigands
  A water moccasin zombie (D:5)
  A water moccasin skeleton (D:5)
  5 wights (D:7)
  A bullfrog zombie (D:5)
  An orc priest (D:5)
  3 jellies
  A gnoll shaman (D:5)
  6 iguanas
  4 orc wizards
  A killer bee zombie (D:6)
  2 howler monkey zombies
  9 gnolls
  8 adders
  A shadow imp (D:3)
  6 white imps
  An adder skeleton (D:4)
  3 worms
  4 dart slugs (D:4)
  17 orcs
  5 ball pythons
  7 bats
  5 endoplasms
  2 giant cockroaches
  10 hobgoblins
  3 quokkas
  2 frilled lizards
  2 goblins
  9 kobolds
  4 rats (D:1)
136 creatures vanquished.

Vanquished Creatures (others)
  A wizard (D:7)
  8 fungi (D:7)
9 creatures vanquished.

Grand Total: 145 creatures vanquished

Notes
Turn   | Place    | Note
-------+----------+-------------------------------------------
     0 | D:1      | Crownlay the Hill Orc Fighter began the quest for the Orb.
     0 | D:1      | Reached XP level 1. HP: 19/19 MP: 1/1
    44 | D:1      | Found a faded altar of an unknown god.
   182 | D:1      | Reached skill level 3 in Axes
   359 | D:1      | Reached XP level 2. HP: 25/27 MP: 2/2
   958 | D:2      | Reached skill level 4 in Axes
   992 | D:2      | Reached XP level 3. HP: 31/33 MP: 3/3
  1693 | D:3      | Reached XP level 4. HP: 31/41 MP: 4/4
  1786 | D:3      | Found an ancient bone altar of Kikubaaqudgha.
  2064 | D:3      | Reached skill level 5 in Axes
  2725 | D:4      | Reached XP level 5. HP: 42/47 MP: 5/5
  2761 | D:4      | Noticed a black bear
  2782 | D:4      | Killed a black bear
  2783 | D:4      | Reached skill level 5 in Fighting
  2783 | D:4      | Reached skill level 6 in Axes
  2783 | D:4      | Reached XP level 6. HP: 52/56 MP: 6/6
  3051 | D:4      | Found a snail-covered altar of Cheibriados.
  3082 | D:4      | Became a worshipper of Cheibriados the Contemplative
  3224 | D:4      | Found a glowing golden altar of the Shining One.
  3362 | D:4      | Found a broken altar of Ashenzari.
  3589 | D:5      | Entered Level 5 of the Dungeon
  3768 | D:5      | Reached XP level 7. HP: 61/61 MP: 7/7
  3808 | D:5      | Reached skill level 1 in Invocations
  3817 | D:5      | Reached skill level 7 in Axes
  3854 | D:5      | Reached * piety under Cheibriados
  3910 | D:5      | Reached skill level 5 in Armour
  3966 | D:5      | Found a shadowy altar of Dithmenos.
  4389 | D:6      | Reached XP level 8. HP: 63/70 MP: 9/10
  4428 | D:6      | Found a staircase to the Ecumenical Temple.
  4648 | D:6      | Reached skill level 8 in Axes
  4648 | D:6      | Reached skill level 5 in Shields
  4752 | D:6      | Identified the +1 chain mail "Zyklerch" {Dex-4 Slay+5}
  4779 | D:6      | Reached ** piety under Cheibriados
  4798 | D:6      | Found Uxagetwi's Magic Scroll Boutique.
  4812 | D:6      | Bought a scroll of fog for 22 gold pieces
  4812 | D:6      | Bought a scroll of enchant armour for 82 gold pieces
  4812 | D:6      | Bought a scroll of amnesia for 38 gold pieces
  4812 | D:6      | Bought a scroll of blinking for 82 gold pieces
  5142 | D:6      | Found a sparkling altar of Nemelex Xobeh.
  5489 | D:6      | Found a shimmering altar of Xom.
  5880 | D:7      | Reached skill level 9 in Axes
  6545 | D:7      | Found a bloodstained altar of Trog.
  6547 | D:7      | Noticed a wizard
  6550 | D:7      | Killed a wizard
  6814 | D:7      | Reached XP level 9. HP: 36/79 MP: 12/12
  7119 | D:7      | Reached skill level 10 in Axes
  7119 | D:7      | Reached skill level 5 in Invocations
  7320 | D:8      | Noticed Gastronok
  7331 | D:8      | Reached *** piety under Cheibriados
  7334 | D:8      | Mangled by Gastronok

Illustrated notes

Levels and vault maps discovered:
D:1:      scummos_arrival_hexagon, layout_basic,
          chequers_ecumenical_altar_lobes, minmay_heptomino_o4
D:2:      layout_loops_ring, grunt_decor_mini_mirrors
D:3:      layout_loops_ring, mainiacjoe_overflow_surrounded_room, serial_rivers,
          chequers_serial_rivers_small_b, chequers_serial_rivers_room_b,
          chequers_serial_rivers_micro_a, chequers_serial_rivers_micro_d
D:4:      nicolae_cairo_tiling_large, layout_cave_pools, tso_metal_star,
          kennysheep_slug_shrine, general_overflow_altar,
          cheibrodos_sewer_entry_bend
D:5:      layout_cave_pools, lemuel_doored_altar, grunt_decor_cap
D:6:      layout_loops_corners, tgw_xom, nemelex_diamond_rough_becter,
          minmay_temple_entry_tees, serial_shops, shop, kennysheep_cross_room
D:7:      kennysheep_steamy, layout_gridville, trog_wizard
D:8:      layout_layer_cave, zin_purify, hangedman_abyss_or_decor_stabs,
          kennysheep_potato, uniq_gastronok

Skill      XL: |  1  2  3  4  5  6  7  8  9 |
---------------+----------------------------+-----
Axes           | 3 4 5 6 7 9 10 | 10.5
Fighting       | 4 5 7 |  7.4
Armour         | 4 5 |  5.0
Shields        | 4 5 6 |  6.4
Invocations    | 2 4 5 |  5.5

Action                   |  1- 3 |  4- 6 |  7- 9 || total
-------------------------+-------+-------+-------++-------
Melee: War axe           |    62 |       |       ||    62
       Battleaxe         |    36 |   125 |   193 ||   354
Throw: Dart              |       |       |     2 ||     2
       Javelin           |       |       |     1 ||     1
  Use: Scroll            |       |     3 |     2 ||     5
       Potion            |       |       |     1 ||     1
Armor: Scale mail        |    52 |    41 |       ||    93
       Troll leather arm |       |    34 |    80 ||   114
       Chain mail        |       |       |    52 ||    52
Dodge: Dodged            |    36 |    94 |   130 ||   260
Block: Buckler           |    19 |       |       ||    19
